 Dungeon Crawl Stone Soup version 0.25.0-41-g26779e291d (webtiles) character file.

Game seed: 16736252517397258159

20 KleinerIrrer the Ogre Mage (level 2, 0/27 HPs)
             Began as an Ogre Wizard on July 10, 2020.
             Succumbed to an adder's poison
             ... on level 2 of the Dungeon.
             The game lasted 00:02:33 (1356 turns).

KleinerIrrer the Ogre Mage (Ogre Wizard)            Turns: 1356, Time: 00:02:34

Health: 0/27       AC:  3    Str: 10    XL:     2   Next: 79%
Magic:  7/7        EV: 10    Int: 19    God:
Gold:   39         SH:  0    Dex:  7    Spells: 4/9 levels left

rFire    . . .     SeeInvis .   j - +2 dagger (vamp)
rCold    . . .     Gourm    .   (no shield)
rNeg     . . .     Faith    .   a - +0 robe
rPois    .         Spirit   .   b - +0 hat
rElec    .         Reflect  .   (no cloak)
rCorr    .         Harm     .   (gloves unavailable)
MR       .....                  (boots unavailable)
Stlth    +.........             (no amulet)
HPRegen  0.09/turn              (no ring)
MPRegen  0.10/turn              (no ring)

@: lethally poisoned (0 -> -11), flying, very slightly contaminated
A: large, unfitting armour, tough skin 1
a: no special abilities


You were on level 2 of the Dungeon.
You were not hungry.

You visited 1 branch of the dungeon, and saw 2 of its levels.

You collected 39 gold pieces.

Inventory:

Hand Weapons
 f - a +1 hunting sling of flaming
 j - a +2 vampiric dagger (weapon)
Missiles
 c - 5 silver boomerangs (quivered)
 k - 16 stones
 m - 40 sling bullets
Armour
 a - a +0 robe (worn)
 b - a +0 hat (worn)
Scrolls
 g - a scroll of fog
 h - a scroll of identify
Potions
 n - a potion of flight
Comestibles
 d - 2 rations
 i - 3 chunks of flesh


   Skills:
 * Level 1.2 Fighting
 - Level 1.7 Dodging
 - Level 1.4 Stealth
 + Level 4.2 Spellcasting
 * Level 1.2 Conjurations
 + Level 0.8 Summonings
 + Level 0.8 Translocations


You had 4 spell levels left.
You knew the following spells:

 Your Spells              Type           Power        Failure   Level  Hunger
a - Magic Dart            Conj           #...         9%          1    None
b - Blink                 Tloc           N/A          14%         2    #......
c - Call Imp              Summ           #.......     14%         2    #......

Your spell library contained the following spells:

 Spells                   Type           Power        Failure   Level  Hunger
 Slow                     Hex            #.......     21%         2    #......
 Conjure Flame            Conj/Fire      #.......     30%         3    ###....
 Mephitic Cloud           Conj/Pois/Air  #.......     34%         3    ###....


Dungeon Overview and Level Annotations

Branches:
Dungeon (2/15)

Altars:
Nemelex Xobeh


Innate Abilities, Weirdness & Mutations

You are too large for most types of armour.
You have tough skin. (AC +1)


Message History

The goblin splashes around in the water.
The adder misses you.
Blink to where?
Press: ? - help, Dir - move target cursor You are very lightly contaminated with residual magic.
As you read the scroll labeled VYICWY YDI MAPH, it crumbles to dust.
It was a scroll of blinking.
* * * LOW HITPOINT WARNING * * *
You feel sick.
* * * LOW HITPOINT WARNING * * *
You feel sick.
* * * LOW HITPOINT WARNING * * *
You feel sick.
* * * LOW HITPOINT WARNING * * *
You feel sick.
* * * LOW HITPOINT WARNING * * *
You feel sick.
* * * LOW HITPOINT WARNING * * *
You feel sick.
You die...

_♣≈≈≈≈.#.....÷.......#
≈≈≈≈≈.≈#.#........÷..####⌠.
≈≈≈≈≈.≈#.#######.........._
≈≈≈≈≈≈.#.# #...<.....⌠.
≈≈≈≈≈≈≈#.## #.#########.
≈.≈≈.≈≈...## #.#
..≈........## #.#
#####(.g....####.#
#......S....@#
#.......###### #......##
#.#...## #.##.## #.##.#
#.##.# ..


You could see an adder.

Vanquished Creatures
  A dart slug (D:1)
  A leopard gecko (D:2)
  A bat (D:1)
  A hobgoblin (D:1)
  2 kobolds (D:1)
  2 frilled lizards
  4 goblins
  6 rats (D:1)
18 creatures vanquished.

Notes
Turn   | Place    | Note
-------+----------+-------------------------------------------
     0 | D:1      | KleinerIrrer the Ogre Wizard began the quest for the Orb.
     0 | D:1      | Reached XP level 1. HP: 16/16 MP: 5/5
    46 | D:1      | Reached skill level 1 in Conjurations
   313 | D:1      | Reached skill level 4 in Spellcasting
   313 | D:1      | Reached XP level 2. HP: 26/26 MP: 1/7
   547 | D:1      | Reached skill level 1 in Fighting
  1112 | D:1      | Learned a level 2 spell: Blink
  1115 | D:1      | Learned a level 2 spell: Call Imp
  1291 | D:2      | Found a sparkling altar of Nemelex Xobeh.
  1334 | D:2      | Found a faded altar of an unknown god.
  1355 | D:2      | HP: 1/27 [poisoned by an adder]
  1356 | D:2      | Succumbed to an adder's poison

Illustrated notes

Levels and vault maps discovered:
D:1:      onia_arrival_pyramid, layout_loops_corners, serial_bayou_lake_a
D:2:      layout_loops_ring, nemelex_xobeh_ov_fountains_minmay, minitemple,
          chequers_ecumenical_altar_island, uniq_terence

Skill      XL: |  1  2 |
---------------+-------+-----
Conjurations   | 1 |  1.2
Spellcasting   | 4 |  4.2
Fighting       | 1 |  1.2
Dodging        | |  1.7
Stealth        | |  1.4
Summonings     | |  0.8
Translocations | |  0.8

Action                   || total
-------------------------++-------
Melee: Dagger            ||    20
       Unarmed           ||     3
 Fire: Hunting sling     ||     1
Throw: Boomerang         ||     1
 Cast: Magic Dart        ||    28
  Use: Scroll            ||     3
       Potion            ||     1
 Stab: Sleeping          ||     1
  Eat: Chunk             ||     1
Armor: Robe              ||    13
Dodge: Dodged            ||    20
